 Dungeon Crawl Stone Soup version 0.22.1-2-g9c5b331 (webtiles) character file.

3988 troglodite the Covered (level 10, -8/118 HPs)
             Began as a Demonspawn Berserker on Dec 26, 2018.
             Was an Elder of Trog.
             Mangled by a small abomination (12 damage)
             ... on level 7 of the Dungeon.
             The game lasted 00:23:51 (9701 turns).

troglodite the Covered (Demonspawn Berserker)       Turns: 9701, Time: 00:23:53

Health: -8/118     AC: 13    Str: 25    XL:     10   Next: 3%
Magic:  19/19      EV: 20    Int: 11    God:    Trog [****..]
Gold:   387        SH:  0    Dex: 21    Spells: 9/9 levels left

rFire    . . .     SeeInvis .   u - +11 mace "Nooffo" {elec, Str+3 Int+2}
rCold    . . .     Gourm    .   (no shield)
rNeg     . . .     Faith    .   q - +0 chain mail
rPois    .         Spirit   .   o - +0 helmet
rElec    .         Reflect  .   (no cloak)
rCorr    .         Harm     .   (no gloves)
MR       .....                  D - +0 pair of boots
Stlth    ..........             (no amulet)
HPRegen  0.29/turn              y - ring of magical power
MPRegen  0.16/turn              (no ring)

@: agile, berserking, very quick
A: claws 2, repulsion field 2, demonic guardian 1, powered by pain 1
a: Berserk, Trog's Hand, Brothers in Arms, Renounce Religion


You were on level 7 of the Dungeon.
You worshipped Trog.
Trog was greatly pleased with you.
You were not hungry.

You visited 1 branch of the dungeon, and saw 7 of its levels.

You collected 387 gold pieces.

Inventory:

Hand Weapons
 a - a +0 falchion
 u - the +11 mace "Nooffo" (weapon) {elec, Str+3 Int+2}
   (You found it on level 5 of the Dungeon)

   Occasionally, upon striking a foe, it will discharge some electrical energy
   and cause terrible harm.
   It affects your strength (+3).
   It affects your intelligence (+2).
Armour
 o - a +0 helmet (worn)
 q - a +0 chain mail (worn)
 x - +0 acid dragon scales
 D - a +0 pair of boots (worn)
Jewellery
 y - a ring of magical power (left claw)
 E - an uncursed ring of ice {unknown}
Wands
 A - a wand of clouds (2)
Scrolls
 d - 2 scrolls of magic mapping
 f - 2 scrolls of enchant weapon {unknown}
 g - 2 scrolls of remove curse
 i - a scroll of teleportation {unknown}
 j - 3 scrolls of fear {unknown}
 k - a scroll of enchant armour {unknown}
 l - 4 scrolls of blinking {unknown}
 s - a scroll of random uselessness {unknown}
 v - a scroll of noise {unknown}
 w - 2 scrolls of amnesia {unknown}
 z - a scroll of immolation {unknown}
Potions
 b - a potion of resistance
 e - a potion of lignification
 h - 2 potions of flight
 m - 4 potions of agility
 p - a potion of magic {unknown}
 r - a potion of haste {unknown}
 t - 2 potions of ambrosia
 B - a potion of curing {unknown}
Comestibles
 c - 11 rations


   Skills:
 * Level 7.1 Fighting
 + Level 6.2 Long Blades
 + Level 4.9 Maces & Flails
 * Level 7.6 Armour
 * Level 5.3 Dodging
 + Level 1.7 Stealth


You had 9 spell levels left.
You didn't know any spells.
Your spell library was empty.

Dungeon Overview and Level Annotations

Branches:
Dungeon (7/15)             Temple (0/1) D:7

Altars:
Fedhas
Makhleb
Nemelex Xobeh
Okawaru
Trog
Wu Jian
The Shining One
Lugonu

Annotations:
D:7 1 transporter


Innate Abilities, Weirdness & Mutations

You have very sharp fingernails.
You are surrounded by a moderate repulsion field. (EV +3)
A weak demonic guardian rushes to your aid.
You sometimes gain a little power by taking damage.


Message History

The green ugly thing is moderately wounded.
The small abomination hits you.
* * * LOW HITPOINT WARNING * * *
The green ugly thing misses you. The small abomination hits you!
* * * LOW HITPOINT WARNING * * *
You sock the green ugly thing!
Lightning courses through the green ugly thing!
The green ugly thing is severely wounded.
The small abomination misses you.
The green ugly thing pecks you but does no damage.
Unknown command.
You bludgeon the green ugly thing!!
The green ugly thing is almost dead.
The small abomination misses you.
The small abomination completely misses you.
Unknown command.
Your chain mail prevents you from hitting the green ugly thing.
The green ugly thing is almost dead.
The small abomination hits you!
You die...

#..# #.# .## ####..©.##..... #..#
#.# #..#####....##..... #..# #.#
#...###....###..... #..# #.#
#.......#####.#... #..# #.#
##.$$$.#####....## ...####.#
#.)_$.# #....#... .....##.#
##xx":.#####.(..## ........#
##xuu....# ##.###. .......##
#.@x###...# #.###. .......#
#..#####..# #.##.. .......#
#..###### ##.© #.##.# ..(....##
##. #.# .###.#..# ........## #
##©## ###..<##
.........#########...######......
#.....#.......................(.#
#.....###.##...###..............#
#.....###.#..### #..............#


You could see 2 ugly things and 4 small abominations.

Vanquished Creatures
  Pikel (D:4)
  2 ugly things (D:7)
  A wyvern (D:6)
  2 small abominations (D:7)
  A water moccasin (D:6)
  Duvessa (D:4)
  2 orc warriors
  A sky beast (D:6)
  A phantom (D:4)
  An ogre (D:5)
  A big kobold (D:7)
  4 bullfrogs (D:7)
  Dowan (D:4)
  4 scorpions
  4 wights (D:6)
  2 howler monkeys (D:6)
  2 crimson imps
  A jelly (D:5)
  A centaur skeleton (D:7)
  An orc priest (D:6)
  8 orc wizards
  Jessica (D:2)
  4 worker ants
  2 iguanas
  2 hound skeletons (D:7)
  A worker ant zombie (D:7)
  Robin (D:3)
  8 gnolls (D:6)
  4 adders
  3 shadow imps
  2 adder skeletons
  4 worms
  3 dart slugs
  8 leopard geckos
  18 orcs
  7 giant cockroaches
  15 goblins
  11 hobgoblins
  A jackal (D:6)
  11 kobolds
  3 quokkas
  3 ball pythons
  6 bats
  5 frilled lizards
  A quokka skeleton (D:6)
  23 rats
189 creatures vanquished.

Vanquished Creatures (collateral kills)
  A small abomination (D:7)
  A water moccasin (D:5)
  An ogre (D:4)
  A crimson imp (D:6)
  A hound (D:4)
  An orc priest (D:5)
  2 adders (D:4)
  An orc (D:6)
  A jackal (D:6)
  A kobold (D:7)
11 creatures vanquished.

Vanquished Creatures (others)
  A phantom (D:4)
  A giant cockroach (D:4)
2 creatures vanquished.

Grand Total: 202 creatures vanquished

Notes
Turn   | Place    | Note
-------+----------+-------------------------------------------
     0 | D:1      | troglodite the Demonspawn Berserker began the quest for the
                  | Orb.
     0 | D:1      | Reached XP level 1. HP: 18/18 MP: 1/1
   358 | D:1      | Gained mutation: You are surrounded by a mild repulsion
                  | field. (EV +2) [demonic ancestry]
   358 | D:1      | Reached XP level 2. HP: 20/24 MP: 2/2
  1506 | D:2      | Reached ** piety under Trog
  1506 | D:2      | Gained mutation: You are surrounded by a moderate repulsion
                  | field. (EV +3) [demonic ancestry]
  1506 | D:2      | Reached XP level 3. HP: 14/29 MP: 3/3
  2388 | D:2      | Noticed Jessica
  2394 | D:2      | Killed Jessica
  2510 | D:2      | Gained mutation: You have sharp fingernails. [demonic
                  | ancestry]
  2510 | D:2      | Reached XP level 4. HP: 35/37 MP: 4/4
  2557 | D:2      | Found an ornate altar of the Wu Jian Council.
  3388 | D:3      | Noticed Robin
  3411 | D:3      | Killed Robin
  3601 | D:3      | Reached XP level 5. HP: 18/42 MP: 5/5
  4208 | D:3      | Reached *** piety under Trog
  4754 | D:4      | Noticed Duvessa
  4754 | D:4      | Noticed Dowan
  4764 | D:4      | Killed Duvessa
  4764 | D:4      | Reached skill level 1 in Stealth
  4764 | D:4      | Gained mutation: A weak demonic guardian rushes to your
                  | aid. [demonic ancestry]
  4764 | D:4      | Reached XP level 6. HP: 49/49 MP: 6/6
  4812 | D:4      | Killed Dowan
  5387 | D:4      | Found a glowing golden altar of the Shining One.
  5446 | D:4      | Found a sparkling altar of Nemelex Xobeh.
  5483 | D:4      | Gained mutation: You have very sharp fingernails. [demonic
                  | ancestry]
  5483 | D:4      | Reached XP level 7. HP: 25/55 MP: 7/7
  5941 | D:4      | Noticed Pikel
  5975 | D:4      | Killed Pikel
  5975 | D:4      | Reached skill level 5 in Fighting
  5975 | D:4      | Reached skill level 5 in Long Blades
  6357 | D:4      | Found a bloodstained altar of Trog.
  6640 | D:5      | Entered Level 5 of the Dungeon
  6652 | D:5      | Gained mutation: You sometimes gain a little power by
                  | taking damage. [demonic ancestry]
  6652 | D:5      | Reached XP level 8. HP: 59/63 MP: 8/8
  6660 | D:5      | Received a gift from Trog
  6835 | D:5      | Reached skill level 5 in Armour
  7441 | D:5      | Found an iron altar of Okawaru.
  7455 | D:5      | Got a translucent mace
  7456 | D:5      | Identified the +11 mace "Nooffo" {elec, Str+3 Int+2} (You
                  | found it on level 5 of the Dungeon)
  7923 | D:5      | Found a burning altar of Makhleb.
  8005 | D:5      | Found a blossoming altar of Fedhas.
  8462 | D:6      | Reached skill level 1 in Maces & Flails
  8543 | D:6      | Reached **** piety under Trog
  8543 | D:6      | Reached XP level 9. HP: 69/69 MP: 9/9
  9338 | D:7      | Found a staircase to the Ecumenical Temple.
  9379 | D:7      | Got an iridescent war axe
  9418 | D:7      | Identified the +6 war axe "Elittaxkoo" {chop, rC- Str+7}
                  | (You found it on level 7 of the Dungeon)
  9628 | D:7      | Found a transporter.
  9639 | D:7      | Found a corrupted altar of Lugonu.
  9669 | D:7      | Noticed a red ugly thing
  9670 | D:7      | Reached skill level 5 in Dodging
  9670 | D:7      | Noticed a purple ugly thing
  9672 | D:7      | Noticed a purple ugly thing
  9676 | D:7      | Noticed a purple ugly thing
  9679 | D:7      | Found a transporter.
  9681 | D:7      | HP: 3/71 [small abomination (7)]
  9694 | D:7      | Killed a red ugly thing
  9697 | D:7      | Killed a red ugly thing
  9697 | D:7      | Reached XP level 10. HP: 18/79 MP: 10/10
  9698 | D:7      | HP: 3/118 [small abomination (7)]
  9701 | D:7      | Mangled by a small abomination

Skill      XL: |  1  2  3  4  5  6  7  8  9 |
---------------+----------------------------+-----
Long Blades    | 3 4 5 6 |  6.2
Armour         | 2 3 4 6 7 |  7.6
Dodging        | 2 3 4 5 |  5.3
Fighting       | 4 5 6 7 |  7.1
Stealth        | 1 |  1.7
Maces & Flails | 1 4 |  4.9

Action                   |  1- 3 |  4- 6 |  7- 9 | 10-12 || total
-------------------------+-------+-------+-------+-------++-------
Melee: Falchion          |    93 |   232 |   127 |       ||   452
       Mace              |       |       |   173 |     4 ||   177
Invok: Berserk           |       |     5 |     4 |       ||     9
       Trog's Hand       |       |       |     1 |       ||     1
       Brothers in Arms  |       |       |     2 |       ||     2
  Use: Scroll            |       |     6 |     2 |       ||     8
       Potion            |       |       |     4 |       ||     4
 Stab: Sleeping          |     3 |     2 |       |       ||     5
       Distracted        |       |     1 |       |       ||     1
  Eat: Chunk             |     5 |    11 |    10 |       ||    26
       Ration            |       |     1 |     3 |       ||     4
Armor: Animal skin       |    14 |    20 |       |       ||    34
       Chain mail        |       |    46 |   164 |     1 ||   211
Dodge: Dodged            |    69 |   137 |   250 |     5 ||   461
       Rpst.: Falchion   |    20 |    41 |    23 |       ||    84
